 Dungeon Crawl Stone Soup version 0.27-a0-1612-gde56a17b89 (webtiles) character file.

Game seed: 373611916319057603

30 Spaninq the Ruffian (level 3, 0/33 HPs)
             Began as a Troll Transmuter on July 21, 2021.
             Slain by Sigmund (7 damage)
             ... on level 2 of the Dungeon.
             The game lasted 00:01:29 (556 turns).

Spaninq the Ruffian (Troll Transmuter)               Turns: 556, Time: 00:01:30

Health: 0/33       AC:  4    Str: 19    XL:     3   Next: 3%
Magic:  3/3        EV:  9    Int:  9    God:
Gold:   60         SH:  0    Dex: 10    Spells: 3/4 levels left

rFire    . . .     SeeInvis .     - Unarmed
rCold    . . .     Faith    .   (no shield)
rNeg     . . .     Spirit   .   a - +0 robe
rPois    .         Reflect  .   (helmet restricted)
rElec    .         Harm     .   (no cloak)
rCorr    .         Rampage  .   (gloves unavailable)
Will     .....                  (boots unavailable)
Stlth    +.........             (no amulet)
HPRegen  1.11/turn              (no ring)
MPRegen  0.08/turn              (no ring)

@: confused
A: large, unfitting armour, claws 3, regeneration 1, shaggy fur 1, tough skin 1
a: no special abilities


You were on level 2 of the Dungeon.
You visited 1 branch of the dungeon, and saw 2 of its levels.

You collected 60 gold pieces.

Inventory:

Armour
 a - a +0 robe (worn)
Scrolls
 b - a scroll of teleportation {unknown}
 c - a scroll of magic mapping {unknown}
Potions
 d - a potion of resistance {unknown}


   Skills:
 + Level 1.4 Fighting
 - Level 1.5 Dodging
 * Level 3.9 Unarmed Combat
 - Level 1.2 Spellcasting
 - Level 1.3 Transmutations


You had 3 spell levels left.
You knew the following spells:

 Your Spells              Type           Power      Damage    Failure   Level
a - Beastly Appendage     Tmut           6%         N/A       21%         1

Your spell library contained the following spells:

 Spells                   Type           Power      Damage    Failure   Level
 Wereblood                Tmut           3%         N/A       30%         2
 Spider Form              Tmut/Pois      0%         N/A       63%         3
 Ice Form                 Ice/Tmut       1%         N/A       95%         4


Dungeon Overview and Level Annotations

Branches:
Dungeon (2/15)

Altars:

Annotations:
D:2 Sigmund


Innate Abilities, Weirdness & Mutations

You are too large for most types of armour.
You have claws for hands.
Your natural rate of healing is unusually fast.
You are covered in fur. (AC +1)
You have tough skin. (AC +1)


Message History

Your experience leads to an increase in your attributes!
Increase (S)trength, (I)ntelligence, or (D)exterity?
You feel stronger. x2
Found 14 gold pieces.
You closely miss the rat. The rat closely misses you.
You claw the rat!
You kill the rat!
Found an escape hatch in the ceiling.
You now have 60 gold pieces (gained 14).
A kobold comes into view. It is wielding a +0 short sword.
The kobold shouts!
You hear a shout!
Found a stone staircase leading down.
Sigmund the Dreaded comes into view.
He is wielding a +0 scythe.
Sigmund shouts!
The kobold barely misses you. The kobold hits you but does no damage.
The kobold hits you with a +0 short sword.
Sigmund closely misses you. The kobold hits you but does no damage.
There is an escape hatch in the ceiling here.
Sigmund casts a spell at you.
You are confused.
Sigmund hits you with a +0 scythe!
The kobold hits you with a +0 short sword.
Sigmund barely misses you.
The kobold hits you with a +0 short sword.
You barely miss Sigmund. You claw Sigmund.
Sigmund is lightly wounded.
Sigmund hits you with a +0 scythe.
An endoplasm comes into view.
The endoplasm quivers.
The kobold hits you but does no damage. Sigmund gestures at you while chanting.
The magic dart hits you!
A rat comes into view.
You claw Sigmund!
Sigmund is heavily wounded.
The kobold hits you with a +0 short sword.
* * * LOW HITPOINT WARNING * * *
Sigmund hits you with a +0 scythe!
You die...

#...#.#.# # #.....
.# . #....# .#.# ..
#....##.#.# ..#
#....#....##. #.#
#.......#.... #.#
#.........### #.#
#....@..>....
#.####...K.@..#..#
##.##.............#
##.................r
#.................##
#.................J.
#.#...............##
#.#.......<.......#
#.................#


You could see Sigmund, an endoplasm, a kobold and a rat.

Vanquished Creatures
  A dart slug (D:1)
  2 endoplasms
  2 giant cockroaches (D:1)
  A goblin (D:1)
  7 hobgoblins (D:1)
  A quokka (D:1)
  3 ball pythons (D:1)
  2 frilled lizards (D:1)
  4 kobolds (D:1)
  2 rats
25 creatures vanquished.

Notes
Turn   | Place    | Note
-------+----------+-------------------------------------------
     0 | D:1      | Spaninq the Troll Transmuter began the quest for the Orb.
     0 | D:1      | Reached XP level 1. HP: 18/18 MP: 1/1
   113 | D:1      | Reached skill level 1 in Fighting
   137 | D:1      | Reached XP level 2. HP: 27/27 MP: 2/2
   529 | D:2      | Reached XP level 3. HP: 33/33 MP: 3/3
   547 | D:2      | Noticed Sigmund
   556 | D:2      | Slain by Sigmund

Illustrated notes

Levels and vault maps discovered:
D:1:      tarquinn_simple_flora_water_e, layout_basic
D:2:      layout_rooms, basic_altar, serial_shops, nicolae_lakefront_shop,
          shapermc_ecumenical_altar_mp_urbaneastern,
          minmay_fractal_squares_gapless_5, uniq_sigmund, uniq_robin

Skill      XL: |  1 |
---------------+----+-----
Fighting       | 1 |  1.4
Dodging        | |  1.5
Unarmed Combat | |  3.9
Spellcasting   | |  1.2
Transmutations | |  1.3

Action                   || total
-------------------------++-------
Melee: Unarmed           ||    65
       Punch             ||     2
Armor: Robe              ||    24
Dodge: Dodged            ||    36

Table legend: (Time is in decaauts)
 A = Elapsed time spent in this place.
 B = Non-inter-level travel time spent in this place.
 C = Inter-level travel time spent in this place.
 D = Time resting spent in this place.
 E = Time spent auto-exploring this place.
 F = Levels seen in this place.
 G = Mean time per level.
                   A        B        C        D        E       F      G
               +--------+--------+--------+--------+--------+-----+--------+
         Total |    551 |    542 |      9 |      0 |    350 |   2 |  275.5 |
       Dungeon |    551 |    542 |      9 |      0 |    350 |   2 |  275.5 |
               +--------+--------+--------+--------+--------+-----+--------+

Top non-repeatable levels by time:
     D:1: 521 daAuts
     D:2: 30 daAuts
